General information
- name: BNet
- type: Ladder team game (AT/RT)
- host: Battle.net
- saver: JERKS
map: Deadlock
- players: 8
- length: 42:17
- speed: Fast
- version: 1.26 W3XP
- replay type: Public
» download(244 KB)
Players
team 1 (winner)

»
Re-Stars (
yellow | 18 APM | 777 actions | 42:17)
6 Archmage
3 Summon Water Elemental
2 Brilliance Aura
1 Mass Teleport
» actions
| Basic commands | 63 | |
| Build / train | 72 | |
| Enter build submenu | 20 | |
| Enter hero's abilities submenu | 6 | |
| Right click | 203 | |
| Select / deselect | 284 | |
| Use ability | 129 | |
777 total
» units
| Peasant | 10 | |
| Rifleman | 16 | |
| Mortar Team | 9 | |
35 total
» upgrades
| Masonry | 3 | |
| Long Rifles | 1 | |
| Gunpowder | 3 | |
| Fragmentation Shards | 1 | |
| Armor | 3 | |
11 total
» buildings
| Farm | 7 | |
| Blacksmith | 1 | |
| Altar of Kings | 1 | |
| Scout Tower | 4 | |
| Barracks | 1 | |
| Arcane Tower | 2 | |
| Lumber Mill | 1 | |
| Arcane Vault | 1 | |
| Keep | 1 | |
| Guard Tower | 2 | |
| Workshop | 1 | |
| Castle | 1 | |
| Town Hall | 2 | |
25 total
» build order
00:23 Farm
00:37 Blacksmith
00:54 Altar of Kings
01:00 Farm
01:40 Farm
01:54 Scout Tower
02:18 Barracks
02:34 Arcane Tower
02:37 Lumber Mill
03:09 Arcane Vault
03:46 Keep
04:14 Farm
04:17 Farm
04:20 Scout Tower
04:56 Arcane Tower
04:58 Scout Tower
05:01 Farm
05:32 Guard Tower
05:35 Scout Tower
05:39 Farm
06:06 Guard Tower
06:26 Workshop
07:09 Castle
16:35 Town Hall
23:51 Town Hall
» items
| Scroll of Regeneration | 4 | |
| Lesser Clarity Potion | 2 | |
| Scroll of Town Portal | 5 | |
| Potion of Healing | 1 | |
| Healing Salve | 1 | |
13 total
KingCracker (
teal | 142 APM | 3893 actions | 27:23)
4 Far Seer
2 Feral Spirit
2 Chain Lighting
3 Tauren Chieftain
1 War Stomp
2 Endurance Aura
» actions
| Assign group hotkey | 77 | |
| Basic commands | 1 | |
| Build / train | 76 | |
| ESC pressed | 6 | |
| Enter build submenu | 32 | |
| Enter hero's abilities submenu | 7 | |
| Right click | 1464 | |
| Select / deselect | 566 | |
| Select group hotkey | 1510 | |
| Use ability | 154 | |
3893 total
» units
| Peon | 20 | |
| Grunt | 9 | |
| Troll Witch Doctor | 5 | |
| Shaman | 4 | |
| Troll Batrider | 3 | |
41 total
» upgrades
| Pillage | 1 | |
| Berserker Strength | 1 | |
| Witch Doctor Training | 2 | |
| Shaman Training | 2 | |
| Reinforced Defenses | 1 | |
7 total
» buildings
| Altar of Storms | 1 | |
| Orc Burrow | 10 | |
| Barracks | 1 | |
| Voodoo Lounge | 1 | |
| Stronghold | 2 | |
| War Mill | 1 | |
| Spirit Lodge | 2 | |
| Fortress | 1 | |
| Great Hall | 4 | |
| Watch Tower | 7 | |
| Beastiary | 2 | |
32 total
» build order
00:09 Altar of Storms
00:23 Orc Burrow
00:39 Barracks
01:39 Orc Burrow
01:50 Voodoo Lounge
03:01 Stronghold
03:02 Stronghold
04:24 War Mill
04:27 Orc Burrow
06:08 Spirit Lodge
07:28 Fortress
08:21 Spirit Lodge
08:46 Great Hall
10:26 Orc Burrow
11:23 Great Hall
11:52 Watch Tower
11:54 Watch Tower
16:10 Orc Burrow
17:24 Orc Burrow
18:17 Orc Burrow
18:34 Orc Burrow
21:42 Watch Tower
21:45 Watch Tower
24:02 Great Hall
24:05 Watch Tower
24:10 Beastiary
25:45 Watch Tower
25:55 Beastiary
26:24 Great Hall
26:26 Watch Tower
26:32 Orc Burrow
27:09 Orc Burrow
» items
| Healing Salve | 2 | |
| Scroll of Speed | 1 | |
| Scroll of Regeneration | 3 | |
| Potion of Healing | 2 | |
| Lesser Clarity Potion | 3 | |
11 total
SWEATYBUMJUICE (
blue | 23 APM | 958 actions | 42:17)
7 Mountain King
3 Storm Bolt
3 Bash
1 Avatar
» actions
| Basic commands | 7 | |
| Build / train | 100 | |
| Enter build submenu | 30 | |
| Enter hero's abilities submenu | 7 | |
| Remove unit from queue | 2 | |
| Right click | 328 | |
| Select / deselect | 405 | |
| Use ability | 79 | |
958 total
» units
| Peasant | 20 | |
| Footman | 6 | |
| Mortar Team | 4 | |
| Gryphon Rider | 9 | |
| Flying Machine | 15 | |
54 total
» upgrades
| Gunpowder | 3 | |
| Lumber Harvesting | 2 | |
| Flare | 1 | |
| Swords | 3 | |
| Fragmentation Shards | 1 | |
| Storm Hammers | 1 | |
| Animal War Training | 1 | |
| Armor | 2 | |
| Flak Cannons | 1 | |
15 total
» buildings
| Altar of Kings | 1 | |
| Farm | 10 | |
| Barracks | 1 | |
| Scout Tower | 4 | |
| Arcane Tower | 2 | |
| Lumber Mill | 1 | |
| Arcane Vault | 1 | |
| Keep | 1 | |
| Town Hall | 2 | |
| Blacksmith | 1 | |
| Guard Tower | 1 | |
| Castle | 1 | |
| Workshop | 4 | |
| Gryphon Aviary | 4 | |
34 total
» build order
00:22 Altar of Kings
00:36 Farm
00:52 Barracks
00:59 Farm
01:36 Scout Tower
01:43 Farm
02:08 Arcane Tower
02:15 Scout Tower
02:25 Farm
02:40 Farm
02:52 Arcane Tower
03:29 Farm
04:24 Lumber Mill
04:29 Arcane Vault
05:40 Keep
05:57 Town Hall
06:06 Scout Tower
06:08 Scout Tower
06:32 Blacksmith
06:38 Guard Tower
08:16 Castle
08:40 Workshop
08:43 Workshop
08:45 Workshop
08:50 Workshop
09:56 Gryphon Aviary
09:59 Gryphon Aviary
10:04 Gryphon Aviary
10:09 Gryphon Aviary
13:58 Farm
14:00 Farm
15:06 Farm
15:10 Farm
23:56 Town Hall
» items
| Orb of Fire | 1 | |
| Scroll of Town Portal | 2 | |
| Lesser Clarity Potion | 5 | |
| Boots of Speed | 1 | |
| Potion of Lesser Invulnerability | 3 | |
| Scroll of Regeneration | 3 | |
| Potion of Invisibility | 1 | |
16 total
JERKS (
orange | 79 APM | 3352 actions | 42:17)
10 Archmage
3 Summon Water Elemental
3 Brilliance Aura
1 Mass Teleport
3 Blizzard
» actions
| Assign group hotkey | 90 | |
| Basic commands | 386 | |
| Build / train | 159 | |
| Enter build submenu | 54 | |
| Enter hero's abilities submenu | 10 | |
| Give item / drop item | 4 | |
| Right click | 1137 | |
| Select / deselect | 373 | |
| Select group hotkey | 888 | |
| Use ability | 251 | |
3352 total
» units
| Peasant | 16 | |
| Footman | 7 | |
| Gryphon Rider | 11 | |
34 total
» upgrades
| Masonry | 3 | |
| Swords | 3 | |
| Armor | 3 | |
| Lumber Harvesting | 2 | |
| Animal War Training | 1 | |
| Storm Hammers | 1 | |
| Cloud | 1 | |
14 total
» buildings
| Altar of Kings | 1 | |
| Barracks | 1 | |
| Farm | 11 | |
| Arcane Vault | 2 | |
| Lumber Mill | 1 | |
| Town Hall | 2 | |
| Scout Tower | 37 | |
| Guard Tower | 64 | |
| Keep | 4 | |
| Blacksmith | 1 | |
| Castle | 2 | |
| Gryphon Aviary | 4 | |
130 total
» build order
00:52 Altar of Kings
00:56 Barracks
00:57 Farm
01:04 Farm
01:21 Farm
01:59 Farm
02:38 Arcane Vault
02:44 Lumber Mill
03:56 Town Hall
04:00 Scout Tower
04:01 Scout Tower
04:03 Scout Tower
04:10 Scout Tower
04:35 Guard Tower
04:37 Guard Tower
05:24 Guard Tower
05:24 Guard Tower
06:08 Keep
06:08 Keep
06:08 Keep
07:34 Scout Tower
08:09 Farm
08:13 Blacksmith
08:17 Scout Tower
08:18 Scout Tower
08:23 Scout Tower
08:25 Guard Tower
08:26 Guard Tower
08:26 Guard Tower
08:28 Scout Tower
08:28 Scout Tower
08:31 Scout Tower
09:01 Castle
09:01 Castle
09:02 Guard Tower
09:02 Guard Tower
09:02 Guard Tower
09:06 Gryphon Aviary
09:09 Gryphon Aviary
09:12 Guard Tower
10:40 Farm
10:43 Farm
14:37 Scout Tower
14:39 Scout Tower
14:45 Farm
15:39 Guard Tower
15:40 Scout Tower
16:14 Guard Tower
16:14 Guard Tower
16:18 Farm
19:10 Scout Tower
19:12 Scout Tower
19:27 Guard Tower
19:27 Guard Tower
19:27 Guard Tower
19:35 Guard Tower
19:35 Guard Tower
19:36 Guard Tower
19:38 Guard Tower
19:39 Guard Tower
19:39 Guard Tower
19:39 Guard Tower
19:39 Guard Tower
19:40 Guard Tower
19:40 Guard Tower
19:43 Scout Tower
19:47 Scout Tower
19:51 Scout Tower
19:53 Scout Tower
20:16 Guard Tower
20:16 Guard Tower
20:30 Guard Tower
20:51 Arcane Vault
20:52 Guard Tower
20:52 Guard Tower
21:49 Scout Tower
21:50 Scout Tower
21:51 Scout Tower
22:11 Gryphon Aviary
22:15 Gryphon Aviary
22:42 Guard Tower
24:02 Farm
24:05 Farm
24:38 Town Hall
24:40 Scout Tower
24:41 Scout Tower
24:41 Scout Tower
24:42 Scout Tower
24:43 Scout Tower
24:44 Scout Tower
24:45 Scout Tower
24:46 Scout Tower
24:47 Scout Tower
24:48 Scout Tower
24:48 Scout Tower
24:49 Scout Tower
24:50 Scout Tower
24:51 Scout Tower
25:09 Guard Tower
25:10 Guard Tower
25:10 Guard Tower
25:10 Guard Tower
25:10 Guard Tower
25:12 Guard Tower
25:12 Guard Tower
25:12 Guard Tower
25:57 Guard Tower
25:57 Guard Tower
25:57 Guard Tower
26:17 Guard Tower
26:17 Guard Tower
26:18 Guard Tower
29:56 Guard Tower
» items
| Periapt of Vitality | 1 | |
| Staff of Teleportation | 1 | |
| Mechanical Critter | 4 | |
| Scroll of Regeneration | 5 | |
| Ivory Tower | 4 | |
| Staff of Sanctuary | 2 | |
17 total
team 2 (loser)
domthot (
pink | 28 APM | 603 actions | 21:26)
5 Priestess of the Moon
2 Searing Arrows
3 Trueshot Aura
» actions
| Build / train | 44 | |
| Enter build submenu | 13 | |
| Enter hero's abilities submenu | 5 | |
| Right click | 381 | |
| Select / deselect | 135 | |
| Use ability | 25 | |
603 total
» units
| Wisp | 11 | |
| Huntress | 3 | |
| Dryad | 12 | |
| Druid of the Claw | 3 | |
29 total
» upgrades
| Strength of the Wild | 3 | |
| Abolish Magic | 1 | |
| Reinforced Hides | 1 | |
| Druid of the Claw Training | 2 | |
7 total
» buildings
| Moon Well | 6 | |
| Altar of Elders | 1 | |
| Ancient of War | 1 | |
| Hunter's Hall | 1 | |
| Tree of Ages | 1 | |
| Ancient of Lore | 2 | |
| Tree of Eternity | 1 | |
| Ancient of Wind | 1 | |
14 total
» build order
00:26 Moon Well
00:39 Altar of Elders
01:07 Ancient of War
02:10 Hunter's Hall
02:51 Moon Well
02:54 Tree of Ages
05:25 Ancient of Lore
05:30 Ancient of Lore
08:56 Moon Well
09:44 Moon Well
09:50 Tree of Eternity
13:16 Ancient of Wind
17:16 Moon Well
18:28 Moon Well

»
Pen1sGilbert3rd (
purple | 60 APM | 2277 actions | 38:08)
7 Goblin Alchemist
3 Healing Spray
3 Acid Bomb
1 Transmute
1 Dark Ranger
1 Black Arrow
» actions
| Basic commands | 154 | |
| Build / train | 80 | |
| Enter build submenu | 29 | |
| Enter hero's abilities submenu | 8 | |
| Give item / drop item | 5 | |
| Remove unit from queue | 1 | |
| Right click | 1410 | |
| Select / deselect | 536 | |
| Use ability | 54 | |
2277 total
» units
| Acolyte | 9 | |
| Ghoul | 6 | |
| Crypt Fiend | 19 | |
| Frost Wyrm | 10 | |
| Dryad | 7 | |
51 total
» upgrades
| Web | 1 | |
| Burrow | 1 | |
| Creature Attack | 3 | |
| Creature Carapace | 2 | |
| Freezing Breath | 1 | |
8 total
» buildings
| Ziggurat | 9 | |
| Altar of Darkness | 1 | |
| Crypt | 2 | |
| Graveyard | 1 | |
| Tomb of Relics | 1 | |
| Necropolis | 1 | |
| Halls of the Dead | 1 | |
| Black Citadel | 1 | |
| Sacrificial Pit | 1 | |
| Boneyard | 2 | |
| Tree of Life | 1 | |
| Altar of Elders | 1 | |
| Moon Well | 1 | |
23 total
» build order
00:05 Ziggurat
00:08 Altar of Darkness
00:42 Crypt
01:16 Graveyard
01:34 Ziggurat
01:43 Tomb of Relics
03:08 Ziggurat
04:40 Ziggurat
05:11 Crypt
06:07 Necropolis
06:29 Halls of the Dead
09:15 Black Citadel
09:17 Sacrificial Pit
11:41 Boneyard
11:42 Boneyard
14:49 Ziggurat
14:52 Ziggurat
15:59 Ziggurat
17:09 Ziggurat
27:34 Ziggurat
35:59 Tree of Life
36:00 Altar of Elders
36:08 Moon Well
» items
| Scroll of Town Portal | 5 | |
| Periapt of Vitality | 1 | |
| Orb of Corruption | 1 | |
| Potion of Mana | 1 | |
| Potion of Healing | 1 | |
9 total

»
Game-Day (
green | 49 APM | 1051 actions | 21:26)
4 Dark Ranger
2 Black Arrow
2 Life Drain
3 Priestess of the Moon
1 Trueshot Aura
2 Scout
» actions
| Assign group hotkey | 36 | |
| Basic commands | 36 | |
| Build / train | 64 | |
| Enter build submenu | 29 | |
| Enter hero's abilities submenu | 7 | |
| Right click | 377 | |
| Select / deselect | 315 | |
| Select group hotkey | 122 | |
| Use ability | 65 | |
1051 total
» units
| Wisp | 31 | |
| Archer | 6 | |
| Chimaera | 6 | |
| Hippogryph | 2 | |
45 total
» upgrades
| Strength of the Wild | 2 | |
| Reinforced Hides | 1 | |
3 total
» buildings
| Ancient of War | 1 | |
| Moon Well | 21 | |
| Altar of Elders | 3 | |
| Tree of Ages | 2 | |
| Tree of Life | 4 | |
| Tree of Eternity | 5 | |
| Ancient of Wind | 2 | |
| Hunter's Hall | 2 | |
| Chimaera Roost | 5 | |
45 total
» build order
00:20 Ancient of War
00:34 Moon Well
00:36 Moon Well
01:18 Altar of Elders
03:01 Tree of Ages
04:38 Tree of Life
04:50 Moon Well
04:51 Moon Well
06:20 Tree of Eternity
06:20 Tree of Eternity
06:20 Tree of Eternity
08:04 Ancient of Wind
08:05 Hunter's Hall
08:48 Ancient of Wind
09:07 Tree of Life
09:15 Moon Well
09:15 Moon Well
09:16 Moon Well
09:17 Moon Well
09:52 Chimaera Roost
09:53 Chimaera Roost
09:53 Chimaera Roost
10:20 Chimaera Roost
10:31 Chimaera Roost
10:45 Moon Well
10:52 Moon Well
10:53 Moon Well
15:10 Tree of Life
17:02 Tree of Life
17:30 Altar of Elders
17:32 Moon Well
17:32 Moon Well
17:33 Moon Well
17:34 Moon Well
17:46 Hunter's Hall
18:12 Altar of Elders
18:15 Moon Well
18:15 Moon Well
18:16 Moon Well
18:16 Moon Well
18:17 Moon Well
18:18 Moon Well
20:56 Tree of Ages
NeilMcCauley (
red | 53 APM | 2234 actions | 42:17)
9 Blademaster
3 Wind Walk
3 Critical Strike
1 Bladestorm
2 Mirror Image
» actions
| Assign group hotkey | 36 | |
| Basic commands | 99 | |
| Build / train | 76 | |
| Enter build submenu | 80 | |
| Enter hero's abilities submenu | 9 | |
| Give item / drop item | 1 | |
| Right click | 1094 | |
| Select / deselect | 354 | |
| Select group hotkey | 292 | |
| Use ability | 193 | |
2234 total
» units
| Peon | 12 | |
| Grunt | 8 | |
| Troll Batrider | 10 | |
| Wind Rider | 5 | |
35 total
» upgrades
| Reinforced Defenses | 1 | |
| Ranged Weapons | 3 | |
| Armor | 3 | |
| Pillage | 1 | |
| Troll Regeneration | 1 | |
| Liquid Fire | 1 | |
| Well Spring | 1 | |
| Ultravision | 1 | |
12 total
» buildings
| Orc Burrow | 5 | |
| Altar of Storms | 1 | |
| Barracks | 1 | |
| War Mill | 4 | |
| Stronghold | 1 | |
| Watch Tower | 46 | |
| Great Hall | 4 | |
| Voodoo Lounge | 2 | |
| Fortress | 1 | |
| Beastiary | 7 | |
| Moon Well | 10 | |
82 total
» build order
00:16 Orc Burrow
00:57 Barracks
01:11 Orc Burrow
02:30 War Mill
03:02 Stronghold
03:53 Watch Tower
04:23 Watch Tower
04:28 Orc Burrow
05:24 Great Hall
05:43 Voodoo Lounge
07:05 Watch Tower
07:06 Watch Tower
07:15 Watch Tower
07:18 Watch Tower
07:30 Watch Tower
07:31 Watch Tower
07:32 Watch Tower
07:32 Watch Tower
07:34 Watch Tower
07:35 Watch Tower
07:37 Watch Tower
07:39 Watch Tower
09:32 Fortress
10:21 Watch Tower
10:22 Watch Tower
10:23 Watch Tower
10:27 Watch Tower
10:34 War Mill
14:15 Beastiary
14:17 Beastiary
14:20 Beastiary
14:42 Beastiary
18:24 War Mill
21:37 Watch Tower
21:38 Watch Tower
24:31 Watch Tower
24:31 Watch Tower
24:33 Watch Tower
24:33 Watch Tower
24:34 Watch Tower
24:35 Watch Tower
24:40 Moon Well
24:42 Moon Well
24:43 Moon Well
24:45 Moon Well
24:47 Moon Well
24:50 Moon Well
24:52 Moon Well
25:23 Voodoo Lounge
29:12 Moon Well
29:13 Moon Well
29:16 Moon Well
29:27 Great Hall
29:35 Watch Tower
29:35 Watch Tower
29:36 Watch Tower
29:36 Watch Tower
29:40 Great Hall
29:47 Watch Tower
29:49 Watch Tower
29:50 Watch Tower
29:51 Watch Tower
29:52 Watch Tower
34:09 Beastiary
34:09 Beastiary
34:11 Beastiary
34:17 Watch Tower
34:20 Watch Tower
34:21 Watch Tower
34:22 Watch Tower
34:23 Watch Tower
34:27 Watch Tower
34:29 Watch Tower
34:29 Watch Tower
34:32 Watch Tower
34:32 Watch Tower
35:20 Orc Burrow
35:25 Orc Burrow
35:51 Great Hall
35:53 Watch Tower
36:00 War Mill
» items
| Scroll of Town Portal | 6 | |
| Periapt of Vitality | 1 | |
| Boots of Speed | 1 | |
| Healing Salve | 2 | |
| Lesser Clarity Potion | 2 | |
| Potion of Mana | 2 | |
| Potion of Healing | 2 | |
| Orb of Lightning | 1 | |
17 total
Chat log
(00:45 / Allies) KingCracker: hero?
(00:48 / Allies) Re-Stars: am
(00:55 / Allies) KingCracker: harass?
(01:02 / Allies) Re-Stars: k
(01:11 / Allies) JERKS: harass here
(05:55 / Allies) KingCracker: lets go back to ne
(05:59 / Allies) Re-Stars: k
(06:42 / Allies) KingCracker: help
(08:06 / All) Pen1sGilbert3rd: Stop the violence
(09:03 / Allies) Re-Stars: b
(09:51 / All) NeilMcCauley: I got some latenchy
(14:25 / All) Pen1sGilbert3rd: my team sitting on 3.7k n 2k lol
(15:04 / Allies) KingCracker: can someone save my main?
(15:10 / Allies) JERKS: we got one of their mains it's alright
(15:11 / Allies) Re-Stars: omw
(15:21 / Allies) KingCracker: gold
(15:22 / Allies) KingCracker: plz
(16:34 / Allies) KingCracker: tp out
(16:39 / Allies) KingCracker: need morts
(16:41 / Allies) KingCracker: for those dryads
(16:45 / Allies) KingCracker: out
(17:17 / Allies) KingCracker: gold
(17:32 / Allies) KingCracker: jerk
(17:33 / Allies) KingCracker: gold
(17:34 / Allies) KingCracker: plz
(17:36 / Allies) KingCracker: you got 8k
(17:40 / Allies) Re-Stars: lol
(18:11 / Allies) JERKS: o que você quer dizer?
(18:19 / Allies) KingCracker: gold
(18:22 / Allies) KingCracker: give me some
(18:25 / Allies) JERKS: eu sou brasileiro
(18:34 / Allies) JERKS: eu não entendo?
(18:56 / Allies) KingCracker: b
(19:50 / Allies) KingCracker: jerks you are an idiot
(19:54 / All) Pen1sGilbert3rd: gg
(19:57 / Allies) KingCracker: fucking frech fuck
(19:59 / All) Re-Stars: gg
(20:07 / Allies) JERKS: você é americano hahahaha
(20:24 / Allies) KingCracker: tp
(21:44 / All) Pen1sGilbert3rd: well gg my teams dosent know how to spend gold
(21:52 / Allies) KingCracker: ours has
(21:56 / Allies) KingCracker: 10k as well
(22:00 / Allies) JERKS: wrong chat noob
(22:13 / All) KingCracker: our idiot has 10k
(22:37 / All) Pen1sGilbert3rd: red 6k green had 3k when u attack him n pink had 3k before he quit
(22:39 / All) Pen1sGilbert3rd: lol
(24:14 / Allies) Re-Stars: lol
(24:42 / Allies) KingCracker: lol
(24:48 / Allies) KingCracker: standard french move
(25:03 / Allies) JERKS: BRASIL not france u americano fuck
(25:06 / Allies) JERKS: brasil #1
(25:15 / Allies) Re-Stars: im not american
(25:20 / Allies) JERKS: canadian hahaha american hat
(25:25 / Allies) Re-Stars: im not canadian
(25:30 / Allies) JERKS: then what noob
(25:34 / Allies) Re-Stars: australian
(25:39 / Allies) JERKS: ahahahaha kangaroo fucker
(25:46 / Allies) JERKS: brasil own australia any day noob
(25:54 / Allies) Re-Stars: lol ok kid
(26:32 / All) JERKS: kill blues army for u
(26:34 / All) JERKS: u can rape him now
(26:42 / All) JERKS: thanks for wood kanagaroo fucker
(26:43 / All) JERKS: brasil #1
(26:46 / All) JERKS: americano noob
(26:49 / Allies) Re-Stars: np bro
(31:36 / All) Pen1sGilbert3rd: intersting
(31:42 / All) JERKS: hmm?
(31:45 / All) JERKS: brasil own u noob
(31:50 / All) Pen1sGilbert3rd: ;)
(32:17 / All) Pen1sGilbert3rd: puss boy
(36:25 / All) Pen1sGilbert3rd: u have mh?
(36:32 / All) JERKS: brasil , noob
(36:40 / All) JERKS: i have brasil
(36:42 / All) Pen1sGilbert3rd: brasil bunch pussies
(37:21 / All) Pen1sGilbert3rd: dude red u dumbass
(37:46 / All) Pen1sGilbert3rd: lol red tk cuz he sucks dick
(38:13 / All) NeilMcCauley: hehe
(41:50 / All) JERKS: Anything to say for yourselves?
(41:54 / All) JERKS: yellow, blue??
(41:56 / All) JERKS: you lose
(42:08 / All) NeilMcCauley: DAISHO OSS
(42:15 / All) JERKS: guess not